 Dungeon Crawl Stone Soup version 0.31-a0-920-g28cbb04a8c (webtiles) character file.

Game seed: 14016263499167391000

1547 Fodor the Cudgeller (level 8, -10/71 HPs)
             Began as a Minotaur Fighter on Oct 17, 2023.
             Mangled by Pikel
             ... wielding a +1 whip of electrocution
              (16 damage)
             ... on level 7 of the Dungeon.
             The game lasted 00:27:38 (5169 turns).

Fodor the Cudgeller (Minotaur Fighter)              Turns: 5169, Time: 00:27:41

Health: -10/71     AC: 13    Str: 24    XL:     8   Next: 57%
Magic:  7/7        EV:  7    Int:  5    God:
Gold:   331        SH:  0    Dex:  9    Spells: 7/7 levels left

rFire   . . .        K - +0 war axe
rCold   . . .        F - orb {mayhem}
rNeg    . . .        v - +0 plate armour
rPois   .            (helmet restricted)
rElec   .            y - scarf {+Inv}
rCorr   .            (no gloves)
SInv    .            (no boots)
Will    .....        u - amulet of regeneration Stlth
                     (no ring)
HPRegen 1.11/turn    (no ring)
MPRegen 0.10/turn

%: mayhem
@: no status effects
A: horns 2, retaliatory headbutt
a: Evoke Invisibility


You were on level 7 of the Dungeon.
You visited 2 branches of the dungeon, and saw 10 of its levels.
You also visited: Sewer.

You collected 331 gold pieces.

Inventory:

Hand Weapons
 I - a +0 dire flail of draining
 J - a +0 shortbow
 K - a +0 war axe (weapon)
Missiles
 k - 4 boomerangs
 p - 3 javelins (quivered)
 t - 21 poisoned darts
Armour
 c - a +0 buckler
 v - a +0 plate armour (worn)
 y - a scarf of invisibility (worn)
 F - an orb of mayhem (worn)
Jewellery
 a - an amulet of reflection
 u - an amulet of regeneration (around neck)
 G - a ring of ice
Wands
 i - a wand of quicksilver (5)
 C - a wand of iceblast (8)
 H - a wand of polymorph (7)
Scrolls
 b - a scroll of fear
 f - 5 scrolls of teleportation
 h - 2 scrolls of fog {unknown}
 j - a scroll of immolation
 m - 3 scrolls of identify
 n - a scroll of brand weapon {unknown}
 o - a scroll of noise {unknown}
 q - 2 scrolls of amnesia
 x - a scroll of blinking
 A - 2 scrolls of acquirement {unknown}
 D - a scroll of revelation
Potions
 d - 2 potions of might
 e - 3 potions of haste {unknown}
 g - a potion of berserk rage {unknown}
 r - a potion of magic {unknown}
 s - 5 potions of enlightenment
 w - 5 potions of curing
 z - 2 potions of heal wounds {unknown}
 B - a potion of attraction {unknown}
 E - a potion of ambrosia {unknown}


   Skills:
 + Level 6.6 Fighting
 + Level 3.6 Long Blades
 + Level 0.3(4.5) Axes
 + Level 7.4 Maces & Flails
 + Level 0.3 Throwing
 + Level 6.9 Armour
 + Level 2.1 Dodging
 + Level 0.3 Stealth
 + Level 6.2 Shields


You had 7 spell levels left.
You didn't know any spells.
Your spell library contained the following spells:

 Spells                   Type           Power      Damage    Failure   Level
 Apportation              Tloc           0%         N/A       100%        1
 Necrotise                Necr           0%         1d4       100%        1
 Summon Small Mammal      Summ           0%         N/A       100%        1
 Jinxbite                 Hex            0%         N/A       100%        2
 Alistair's Intoxication  Tmut/Pois      0%         N/A       100%        5
 Malign Gateway           Summ/Tloc      0%         N/A       100%        7
 Summon Horrible Things   Summ           0%         N/A       100%        8


Dungeon Overview and Level Annotations

Branches:
Dungeon (9/15)             Temple (1/1) D:4           Sewer (visited)
   Lair: D:8-11         Orc: D:9-12

Altars:
Ashenzari
Cheibriados
Fedhas
Hepliaklqana
Kikubaaqudgha
Makhleb
Nemelex Xobeh
Ru
Sif Muna
Trog
Uskayaw
Wu Jian
Xom
Yredelemnul
Zin
The Shining One

Shops:
D:2 (

Annotations:
D:7 Pikel


Innate Abilities, Weirdness & Mutations

You have a pair of horns on your head.
You reflexively headbutt those who attack you in melee.


Message History

You closely miss Pikel. Your headbutt misses Pikel. You slash the lemure!
You closely miss the lemure. You hit the lemure. You closely miss the lemure.
The lemure barely misses you. The lemure hits you but does no damage.
Pikel hits you with a +1 whip of electrocution!
The lemure hits you but does no damage. The lemure hits you.
You barely miss Pikel. Your headbutt misses Pikel. You barely miss the lemure.
You hit the lemure.
You kill the lemure!
That felt strangely unrewarding.
You hit the lemure. x2
You kill the lemure!
That felt strangely unrewarding.
Pikel hits you with a +1 whip of electrocution.
The lemure hits you but does no damage. x2; Pikel hits you but does no damage.
The lemure hits you but does no damage. The lemure closely misses you.
You furiously retaliate!
You headbutt the lemure!
You kill the lemure!
That felt strangely unrewarding.
You closely miss Pikel. You headbutt Pikel!
Pikel is lightly wounded.
You barely miss the lemure. Pikel hits you but does no damage.
You are electrocuted!!
* * * LOW HITPOINT WARNING * * *
The lemure hits you but does no damage.
You barely miss Pikel. You headbutt Pikel, but do no damage.
Pikel is lightly wounded.
You miss the lemure. Pikel hits you but does no damage.
The lemure barely misses you.
You hit Pikel. Your headbutt misses Pikel.
Pikel is moderately wounded.
You hit the lemure but do no damage. Pikel hits you but does no damage.
The lemure hits you!
* * * LOW HITPOINT WARNING * * *
You hit Pikel.
Pikel is heavily wounded.
You hit the lemure but do no damage.
Pikel hits you with a +1 whip of electrocution.
* * * LOW HITPOINT WARNING * * *
You are electrocuted!
You die...
Pikel says, "See you in Hell!"

#........#
#.....#
#........#
#...###
##########
#...# #..[#
#.###
##'########
#..........
#..........
#..@.......
#.K5.......
#..........
#..........
#..........
#..........
#..........
#..........


You could see Pikel and a lemure.

Vanquished Creatures
  Edmund (D:6)
  An ice beast (D:6)
  A black bear (D:6)
  A centaur (D:7)
  3 lemures (D:7)
  A kobold brigand (D:9)
  3 bullfrogs
  2 scorpions (D:5)
  2 hounds
  An orc priest (D:7)
  2 jellies
  A sleepcap (D:5)
  3 iguanas
  An orc wizard (D:4)
  A sickly merfolk siren (Sewer)
  A malarious merfolk avatar (Sewer)
  21 adders
  6 river rats
  A worm (D:5)
  A dart slug (D:2)
  6 orcs
  4 bats
  5 endoplasms
  7 giant cockroaches
  7 goblins
  10 hobgoblins
  6 jackals (D:1)
  3 quokkas
  17 ball pythons
  4 frilled lizards
  14 kobolds
  35 rats
172 creatures vanquished.

Vanquished Creatures (collateral kills)
  An ice beast (D:7)
  An orc (D:7)
  A kobold (D:9)
3 creatures vanquished.

Vanquished Creatures (others)
  A kobold (D:9)
1 creature vanquished.

Grand Total: 176 creatures vanquished

Notes
Turn   | Place    | Note
-------+----------+-------------------------------------------
     0 | D:1      | Fodor the Minotaur Fighter began the quest for the Orb.
     0 | D:1      | Reached XP level 1. HP: 19/19 MP: 0/0
   191 | D:1      | Reached XP level 2. HP: 22/27 MP: 1/1
   370 | D:1      | Found a faded altar of an unknown god.
   544 | D:1      | Reached XP level 3. HP: 33/33 MP: 2/2
  1091 | D:2      | Found a sacrificial altar of Ru.
  1168 | D:2      | Found Hyar's Antique Weapon Shoppe.
  1606 | D:3      | Reached XP level 4. HP: 40/40 MP: 3/3
  1687 | D:3      | Found a glowing drain.
  1696 | Sewer    | Entered a sewer
  1731 | Sewer    | Reached skill level 1 in Maces & Flails
  1802 | Sewer    | Reached XP level 5. HP: 32/47 MP: 4/4
  1958 | Sewer    | Reached skill level 2 in Maces & Flails
  1988 | Sewer    | Reached skill level 5 in Armour
  2238 | D:3      | Reached skill level 1 in Dodging
  2263 | D:3      | Reached XP level 6. HP: 55/55 MP: 5/5
  2272 | D:3      | Reached skill level 5 in Shields
  3002 | D:4      | Reached skill level 3 in Maces & Flails
  3102 | D:4      | Found a staircase to the Ecumenical Temple.
  3108 | D:4      | Reached skill level 5 in Fighting
  3136 | Temple   | Entered the Ecumenical Temple
  3456 | D:5      | Entered Level 5 of the Dungeon
  3514 | D:5      | Reached skill level 4 in Maces & Flails
  3514 | D:5      | Reached XP level 7. HP: 42/61 MP: 6/6
  4450 | D:6      | Noticed Edmund
  4461 | D:6      | Killed Edmund
  4462 | D:6      | Reached skill level 5 in Maces & Flails
  4543 | D:6      | Reached skill level 6 in Maces & Flails
  4591 | D:6      | Reached XP level 8. HP: 70/70 MP: 7/7
  4891 | D:6      | You fall into a shaft and drop 3 floors!
  5030 | D:7      | Reached skill level 7 in Maces & Flails
  5154 | D:7      | Noticed Pikel
  5169 | D:7      | Mangled by Pikel

Illustrated notes

Levels and vault maps discovered:
D:1:      minmay_arrival_cross, layout_basic,
          shapermc_ecumenical_altar_totnotflames, minivault_4
D:2:      layout_basic, serial_shops, nicolae_shop_tiny_real_fake_doors,
          basic_altar, minmay_misc_feat_room, hangedman_decor_points
D:3:      layout_rooms, lightli_sewer_entry_pipes, minmay_snake_closets
D:4:      layout_loops_cross, minmay_temple_entry_stoned_glass
D:5:      layout_basic, nicolae_twisty_statue_hallways
D:6:      layout_basic, uniq_edmund
D:7:      layout_basic, uniq_pikel
D:8:      layout_basic, vehumet_crystals, uniq_maggie, uniq_erica
D:9:      layout_stronghold, nicolae_overflow_hallway_of_the_gods, serial_shops,
          kennysheep_mini_moat, kennysheep_small_spiral
Temple:   compressed_dpeg_triangle_lava_temple

Skill      XL: |  1  2  3  4  5  6  7  8 |
---------------+-------------------------+-----
Armour         | 4 5 6 |  6.9
Fighting       | 4 5 6 |  6.6
Shields        | 4 5 6 |  6.2
Long Blades    | 3 |  3.6
Maces & Flails | 1 2 4 6 7 |  7.4
Dodging        | 1 2 |  2.1
Axes           | |  0.3
Throwing       | |  0.3
Stealth        | |  0.3

Action                     |  1- 3 |  4- 6 |  7- 9 || total
---------------------------+-------+-------+-------++-------
  Melee: Long sword        |    72 |       |       ||    72
         Headbutt          |    12 |    35 |    28 ||    75
         Flail             |    19 |   251 |   103 ||   373
         War axe           |       |       |    25 ||    25
  Throw: Javelin           |       |       |     3 ||     3
    Use: Potion            |       |     2 |       ||     2
         Scroll            |       |       |     5 ||     5
 Armour: Scale mail        |    60 |   121 |       ||   181
         Plate armour      |       |    50 |   164 ||   214
  Dodge: Dodged            |    40 |   119 |    51 ||   210
  Block: Buckler           |    26 |   133 |     9 ||   168

Table legend: (Time is in decaauts)
 A = Elapsed time spent in this place.
 B = Non-inter-level travel time spent in this place.
 C = Inter-level travel time spent in this place.
 D = Time resting spent in this place.
 E = Time spent auto-exploring this place.
 F = Levels seen in this place.
 G = Mean time per level.
                   A        B        C        D        E       F      G
               +--------+--------+--------+--------+--------+-----+--------+
         Total |   5402 |   5223 |    179 |    280 |      0 |  11 |  491.1 |
       Dungeon |   4831 |   4652 |    179 |    200 |      0 |   9 |  536.8 |
        Temple |     53 |     53 |      0 |      0 |      0 |   1 |   53.0 |
         Sewer |    518 |    518 |      0 |     80 |      0 |   1 |  518.0 |
               +--------+--------+--------+--------+--------+-----+--------+

Top non-repeatable levels by time:
     D:5: 974 daAuts
     D:3: 844 daAuts
     D:1: 822 daAuts
     D:2: 772 daAuts
     D:4: 659 daAuts
   Sewer: 518 daAuts
     D:6: 473 daAuts
     D:7: 156 daAuts
     D:9: 113 daAuts
  Temple: 53 daAuts
     D:8: 15 daAuts
